 Dungeon Crawl Stone Soup version 0.26.0-10-g1f06aea511 (webtiles) character file.

Game seed: 5950072999724252563

7070 wakim the Martial Artist (level 11, -9/84 HPs)
             Began as a Merfolk Transmuter on Jan 20, 2021.
             Was a High Priest of Okawaru.
             Mangled by an orc warrior
             ... wielding a +0 glaive
              (21 damage)
             ... in a bailey.
             The game lasted 00:49:38 (13346 turns).

wakim the Martial Artist (Merfolk Transmuter)      Turns: 13346, Time: 00:49:38

Health: -9/84      AC:  6    Str: 10    XL:     11   Next: 9%
Magic:  16/26      EV: 21    Int: 17    God:    Okawaru [*****.]
Gold:   614        SH:  0    Dex: 14    Spells: 6/18 levels left

rFire    + . .     SeeInvis .     - Unarmed
rCold    + . .     Faith    +   (shield currently unavailable)
rNeg     . . .     Spirit   .   l - +1 leather armour
rPois    .         Reflect  .   v - +0 helmet
rElec    .         Harm     .   E - scarf {rC+ rF+}
rCorr    .         Rampage  .   (gloves currently unavailable)
Will     .....                  c - +0 pair of boots
Stlth    +.........             e - amulet of faith
HPRegen  0.24/turn              h - +4 ring of evasion
MPRegen  0.20/turn              m - ring of magical power

@: blade hands (expiring), wereblooded
A: change form in water, swift swim, stealthy swim
a: End Transformation, Renounce Religion, Heroism, Finesse


You were in a bailey.
You worshipped Okawaru.
Okawaru was extremely pleased with you.
You had blades for hands.
You visited 1 branch of the dungeon, and saw 10 of its levels.
You also visited: Sewer, Ossuary and Bailey.

You collected 790 gold pieces.
You spent 176 gold pieces at shops.

Inventory:

Hand Weapons
 b - the +7 war axe "Qevosaf" {vamp, +Inv rElec rN+ Int+2}
   (You found it on level 5 of the Dungeon)

   It inflicts no extra harm, but heals its wielder when it wounds a living foe.
   It affects your intelligence (+2).
   It insulates you from electricity.
   It protects you from negative energy.
   It lets you turn invisible.
Armour
 c - a +0 pair of boots (worn)
 d - a +0 kite shield
 l - a +1 leather armour (worn)
 o - a +0 pair of gloves (melded)
 v - a +0 helmet (worn)
 w - a +0 cloak
 x - a +3 chain mail
 y - +0 swamp dragon scales
 E - a scarf of resistance (worn)
Jewellery
 e - an amulet of faith (around neck)
 h - a +4 ring of evasion (left scythe-like blade)
 m - a ring of magical power (right scythe-like blade)
Wands
 r - a wand of iceblast (6)
 B - a wand of acid (9)
Scrolls
 a - 15 scrolls of teleportation
 f - 2 scrolls of enchant armour
 g - a scroll of magic mapping
 i - 11 scrolls of identify
 j - a scroll of fear
 q - 5 scrolls of enchant weapon
 s - 4 scrolls of remove curse
 u - a scroll of amnesia
 A - a scroll of fog {unknown}
Potions
 k - 4 potions of brilliance
 n - 2 potions of haste
 p - 2 potions of resistance
 t - 2 potions of cancellation
 z - a potion of flight
 C - a potion of ambrosia {unknown}
 D - a potion of magic {unknown}


   Skills:
 + Level 7.5 Fighting
 + Level 9.2 Dodging
 - Level 2.2 Shields
 * Level 11.0 Unarmed Combat
 + Level 4.4 Spellcasting
 + Level 9.6 Transmutations
 + Level 2.0 Ice Magic
 + Level 3.7 Invocations


You had 6 spell levels left.
You knew the following spells:

 Your Spells              Type           Power        Failure   Level
a - Beastly Appendage     Tmut           72%          11%         1
b - Wereblood             Tmut           36%          12%         2
c - Blade Hands           Tmut           18%          47%         5
d - Ice Form              Ice/Tmut       23%          61%         4

Your spell library contained the following spells:

 Spells                   Type           Power        Failure   Level
 Spider Form              Tmut/Pois      10%          43%         3
 Corona                   Hex            3%           63%         1
 Summon Small Mammal      Summ           12%          63%         1
 Ensorcelled Hibernation  Hex/Ice        14%          63%         2
 Call Imp                 Summ           3%           73%         2
 Call Canine Familiar     Summ           3%           88%         3
 Confusing Touch          Hex            3%           88%         3
 Dazzling Flash           Conj/Hex       6%           88%         3
 Summon Guardian Golem    Hex/Summ       3%           88%         3
 Tukima's Dance           Hex            3%           88%         3
 Summon Ice Beast         Ice/Summ       7%           98%         4
 Summon Lightning Spire   Summ/Air       3%           99%         4


Dungeon Overview and Level Annotations

Branches:
Dungeon (10/15)            Temple (0/1) D:7             Orc (0/2) D:9
  Sewer (visited)         Ossuary (visited)          Bailey (1/1)
   Lair: D:8-11

Altars:
Ashenzari
Dithmenos
Elyvilon
Fedhas
Gozag
Okawaru
Ru
Sif Muna
Vehumet
Xom
Yredelemnul
The Shining One

Shops:
D:5 !

Annotations:
D:4 2 runed translucent doors, Borgoz's ghost, novice GrFi
D:8 1 runed translucent door


Message History

You closely miss the orc warrior. The orc warrior closely misses you.
The orc closely misses you. The orc completely misses you.
The orc hits you but does no damage. The orc warrior misses you.
You closely miss the orc warrior.
Your transformation is almost over.
The orc warrior closely misses you. The orc misses you.
The orc completely misses you.
You hit the orc but do no damage.
You howl as the wereblood boils in your veins!
The orc closely misses you. The orc warrior closely misses you.
The orc closely misses you. The orc warrior closely misses you.
The orc warrior hits you with a +0 glaive.
* * * LOW HITPOINT WARNING * * *
The orc completely misses you.
The orc warrior hits you with a +0 trident!
* * * LOW HITPOINT WARNING * * *
The orc hits you from afar with a +0 halberd!
* * * LOW HITPOINT WARNING * * *
The orc warrior hits you from afar with a +0 glaive!!
You die...

############ ######
#.∩........## #.....#
......))....######.o.....
.....)).)...#..o.#oo.....
∩.....))....'..)@)oo.....
.....)))....#....#oo.....
............######oo.....
#.∩........## #.....#
############ ######


You could see 3 orc warriors and 6 orcs.

Vanquished Creatures
  Joseph (D:8)
  Maggie (D:8)
  Prince Ribbit (D:6)
  A shadow (D:8)
  2 wraiths
  Sigmund (D:6)
  Grum (D:8)
  Eustachio (D:6)
  A water moccasin (D:9)
  3 orc warriors
  5 sky beasts
  A black bear (D:7)
  2 ice beasts
  A necrophage (D:8)
  2 phantoms
  4 wolves (D:8)
  6 ogres
  5 centaurs
  3 big kobolds
  5 bullfrogs
  3 elf zombies (Ossuary)
  A water moccasin skeleton (D:9)
  4 scorpions
  4 killer bees (D:8)
  A wight (D:9)
  2 howler monkeys
  A bullfrog zombie (D:8)
  4 jellies
  A quasit (D:9)
  2 hounds
  2 human zombies (Ossuary)
  2 centaur skeletons (D:6)
  4 orc wizards (D:6)
  3 bullfrog skeletons
  9 worker ants
  2 iguanas (D:8)
  A big kobold zombie (Ossuary)
  5 mummies
  2 hound skeletons
  8 gnolls
  18 adders
  4 shadow imps
  5 white imps
  2 ufetubi
  12 oozes (Sewer)
  2 adder zombies
  2 adder skeletons
  3 worms
  4 dart slugs
  16 leopard geckos
  37 orcs
  16 giant cockroaches
  9 goblins
  9 hobgoblins
  10 jackals
  20 kobolds
  8 quokkas
  11 ball pythons
  8 bats
  15 frilled lizards
  2 goblin zombies (Ossuary)
  2 jackal zombies
  A kobold zombie (D:7)
  An orc zombie (D:7)
  A quokka skeleton (D:4)
  10 rats
  2 rat zombies (Ossuary)
338 creatures vanquished.

Vanquished Creatures (others)
  A sky beast (D:9)
  An ogre (D:6)
  A plant (D:3)
3 creatures vanquished.

Grand Total: 341 creatures vanquished

Notes
Turn   | Place    | Note
-------+----------+-------------------------------------------
     0 | D:1      | wakim the Merfolk Transmuter began the quest for the Orb.
     0 | D:1      | Reached XP level 1. HP: 15/15 MP: 3/3
   371 | D:1      | Reached XP level 2. HP: 21/21 MP: 5/5
  1106 | D:2      | Reached XP level 3. HP: 20/27 MP: 6/6
  1451 | D:2      | Reached skill level 4 in Unarmed Combat
  1622 | D:2      | Reached XP level 4. HP: 19/33 MP: 7/7
  1745 | D:2      | Found a basalt altar of Yredelemnul.
  1783 | D:2      | Found a radiant altar of Vehumet.
  2508 | D:2      | Found an iron altar of Okawaru.
  2588 | D:2      | Became a worshipper of Warmaster Okawaru
  2798 | D:3      | Found a broken altar of Ashenzari.
  3011 | D:3      | Found a faded altar of an unknown god.
  3100 | D:3      | Reached skill level 1 in Shields
  3100 | D:3      | Reached XP level 5. HP: 32/38 MP: 6/8
  3426 | D:3      | Learned a level 2 spell: Wereblood
  3682 | D:3      | Found a sacrificial altar of Ru.
  3803 | D:4      | Found a shadowy altar of Dithmenos.
  3908 | D:4      | Found a glowing golden altar of the Shining One.
  4007 | D:4      | Noticed an ogre
  4051 | D:4      | Noticed a phantom
  4207 | D:4      | Found a blossoming altar of Fedhas.
  4434 | D:4      | Found a glowing drain.
  4444 | Sewer    | Entered a sewer
  4494 | Sewer    | Reached XP level 6. HP: 38/46 MP: 7/9
  4506 | Sewer    | Reached skill level 5 in Unarmed Combat
  5011 | Sewer    | Reached * piety under Okawaru
  5032 | Sewer    | Reached skill level 5 in Transmutations
  5685 | D:4      | Found a shimmering blue altar of Sif Muna.
  5933 | D:4      | Reached XP level 7. HP: 20/52 MP: 10/10
  6126 | D:4      | Found a large runed translucent door.
  6127 | D:4      | Found a large runed translucent door.
  6128 | D:4      | Noticed Borgoz's ghost (novice GrFi)
  6285 | D:5      | Entered Level 5 of the Dungeon
  6333 | D:5      | Found Coulasa Diyg's Distillery.
  6341 | D:5      | Bought 2 potions of mutation for 176 gold pieces
  7024 | D:5      | Found a white marble altar of Elyvilon.
  7045 | D:5      | Got a steaming war axe
  7046 | D:5      | Identified the +7 war axe "Qevosaf" {vamp, +Inv rElec rN+
                  | Int+2} (You found it on level 5 of the Dungeon)
  7085 | D:5      | Found a broken altar of Ashenzari.
  7098 | D:5      | Reached ** piety under Okawaru
  7099 | D:5      | Reached skill level 5 in Dodging
  7099 | D:5      | Reached skill level 6 in Unarmed Combat
  7111 | D:5      | Reached XP level 8. HP: 52/60 MP: 11/11
  7341 | D:6      | Found a shimmering altar of Xom.
  7345 | D:6      | Noticed Prince Ribbit
  7514 | D:6      | Reached skill level 7 in Unarmed Combat
  7533 | D:6      | Killed Prince Ribbit
  7533 | D:6      | Reached *** piety under Okawaru
  7718 | D:6      | Reached XP level 9. HP: 67/67 MP: 14/14
  7770 | D:6      | Noticed Sigmund
  7790 | D:6      | Killed Sigmund
  7791 | D:6      | Reached skill level 5 in Fighting
  7791 | D:6      | Reached skill level 8 in Unarmed Combat
  8010 | D:6      | Noticed Eustachio
  8029 | D:6      | Killed Eustachio
  8203 | D:6      | Reached **** piety under Okawaru
  8535 | D:7      | Found a staircase to the Ecumenical Temple.
  8949 | D:7      | Found a sand-covered staircase.
  8957 | Ossuary  | Entered an ossuary
  9005 | Ossuary  | Reached skill level 9 in Unarmed Combat
  9021 | Ossuary  | Reached skill level 1 in Invocations
  9028 | Ossuary  | HP: 3/69 [elf zombie (4)]
  9963 | D:8      | Reached XP level 10. HP: 53/76 MP: 16/16
 10843 | D:8      | Found a white marble altar of Elyvilon.
 10844 | D:8      | Found a runed translucent door.
 10844 | D:8      | Noticed an angel
 11083 | D:8      | Noticed Maggie
 11127 | D:8      | Killed Maggie
 11207 | D:7      | Learned a level 5 spell: Blade Hands
 11276 | D:8      | Reached ***** piety under Okawaru
 11277 | D:8      | Reached skill level 10 in Unarmed Combat
 11548 | D:8      | Found an opulent altar of Gozag.
 11643 | D:8      | Noticed Grum
 11645 | D:8      | Noticed Joseph
 11665 | D:8      | Killed Joseph
 11667 | D:8      | Killed Grum
 11946 | D:8      | Learned a level 4 spell: Ice Form
 12262 | D:9      | Reached skill level 1 in Ice Magic
 12312 | D:9      | Found a staircase to the Orcish Mines.
 12595 | D:9      | Reached XP level 11. HP: 80/84 MP: 17/17
 12994 | D:10     | Entered Level 10 of the Dungeon
 13140 | D:10     | Reached skill level 11 in Unarmed Combat
 13186 | D:10     | Found a flagged portal.
 13215 | Bailey   | Entered a bailey
 13346 | Bailey   | Mangled by an orc warrior

Illustrated notes

Levels and vault maps discovered:
D:1:      dpeg_arrival_long_road, layout_loops_ring
D:2:      layout_loops_ring, yredelemnul_altar_generic,
          okawaru_metal_pillars_1_2, nicolae_overflow_hidden_temple
D:3:      layout_loops_cross, nicolae_ru_the_path_less_chosen,
          chequers_ecumenical_altar_island, st_stairs_12,
          evilmike_ruin_ashenzari
D:4:      layout_loops_cross, general_overflow_altar, overflow_temple_1_default,
          lemuel_blue_sif_altar, tso_altar, gup_sewer_entry_bubbles,
          ebering_ghost_disaster_area
D:5:      layout_loops_corners, lemuel_doored_altar, serial_shops,
          nicolae_shop_stone, basic_altar
D:6:      layout_basic, xom_confusion_cloud, uniq_prince_ribbit1, uniq_sigmund,
          uniq_eustachio
D:7:      layout_basic, minmay_temple_entry_statues_fountains,
          nicolae_ossuary_entry_giza, minmay_crossroads
D:8:      minmay_ornate_pinched, layout_cave_pools, grunt_gozag_statues,
          lemuel_angel_altar, uniq_joseph, uniq_maggie, uniq_grum
D:9:      layout_cave_pools, orc_david_3, wad_rectangle_vault
D:10:     layout_grid_maze, enter_bailey_5, serial_shops, shop, uniq_snorg
Bailey:   bailey_polearm_5, bailey

Skill      XL: |  1  2  3  4  5  6  7  8  9 10 11 |
---------------+----------------------------------+-----
Dodging        | 3 4 5 6 7 9 |  9.2
Transmutations | 3 4 5 6 7 8 9 |  9.6
Unarmed Combat | 4 5 6 7 9 10 11 | 11.0
Fighting       | 2 3 4 6 7 |  7.5
Shields        | 1 2 |  2.2
Spellcasting   | 3 4 |  4.4
Invocations    | 1 3 |  3.7
Ice Magic      | 1 2 |  2.0

Action                   |  1- 3 |  4- 6 |  7- 9 | 10-12 || total
-------------------------+-------+-------+-------+-------++-------
Melee: Unarmed           |   131 |   345 |   245 |   354 ||  1075
       Headbutt          |     5 |    26 |    26 |     8 ||    65
       Dagger            |       |    12 |       |       ||    12
       Punch             |       |     3 |    15 |    12 ||    30
       Tailslap          |       |    11 |       |       ||    11
       War axe           |       |       |   156 |       ||   156
 Cast: Beastly Appendage |     8 |    36 |    15 |     3 ||    62
       Wereblood         |       |     8 |    12 |    13 ||    33
       Blade Hands       |       |       |       |    12 ||    12
Invok: Heroism           |       |       |     1 |       ||     1
  Use: Scroll            |       |     7 |     3 |     4 ||    14
       Potion            |       |     5 |     3 |     1 ||     9
 Stab: Sleeping          |     1 |     2 |       |       ||     3
Armor: Robe              |     7 |     1 |       |       ||     8
       Ring mail         |    39 |       |       |       ||    39
       Leather armour    |       |    70 |   123 |    54 ||   247
Dodge: Dodged            |    43 |   285 |   557 |   464 ||  1349
Block: Kite shield       |    28 |       |       |       ||    28
